 Dungeon Crawl Stone Soup version 0.21-a0-110-g8e1637b (webtiles) character file.

103 Alarkh the Chopper (level 4, -1/35 HPs)
             Began as a Demonspawn Monk on July 8, 2017.
             Killed by nerve-wracking pain
             ... invoked by a shadow imp
             ... summoned by Natasha
              (7 damage)
             ... on level 2 of the Dungeon.
             The game lasted 00:01:59 (2467 turns).

Alarkh the Chopper (Demonspawn Monk)                Turns: 2467, Time: 00:02:00

Health: -1/35      AC:  4    Str: 11    XL:     4   Next: 51%
Magic:  4/4        EV: 13    Int: 13    God:
Gold:   105        SH:  0    Dex: 15    Spells: 3/3 levels left

rFire    . . .     SeeInvis .   a - +0 hand axe
rCold    . . .     Gourm    .   (no shield)
rNeg     . . .     Faith    .   b - +0 robe
rPois    .         Spirit   .   k - +0 helmet
rElec    .         Reflect  .   e - +0 cloak
rCorr    .         Harm     .   (no gloves)
MR       .....                  (no boots)
Stlth    +++.......             (no amulet)
HPRegen  0.11/turn              (no ring)
MPRegen  0.09/turn              (no ring)

@: slowed, very slow
A: nightstalker 1
a: no special abilities


You were on level 2 of the Dungeon.
You were not hungry.

You visited 1 branch of the dungeon, and saw 2 of its levels.

You collected 105 gold pieces.

Inventory:

Hand Weapons
 a - a +0 hand axe (weapon)
Armour
 b - a +0 robe (worn)
 e - a +0 cloak (worn)
 k - a +0 helmet (worn)
Scrolls
 d - a scroll of magic mapping {unknown}
 f - a scroll of recharging {unknown}
 j - a scroll of enchant weapon {unknown}
Potions
 g - a potion of lignification {unknown}
 i - a potion of haste
Comestibles
 c - 2 bread rations
 h - a meat ration
 l - 2 chunks of flesh


   Skills:
 - Level 3.0 Fighting
 + Level 4.8 Axes
 - Level 2.6 Dodging
 - Level 1.7 Stealth


You had 3 spell levels left.
You didn't know any spells.

Dungeon Overview and Level Annotations

Branches:
Dungeon (2/15)

Altars:

Annotations:
D:2 Natasha


Innate Abilities, Weirdness & Mutations

You are slightly more attuned to the shadows.


Message History

Natasha is severely wounded.
Natasha claws you.
* * * LOW HITPOINT WARNING * * *
Natasha closely misses you.
You closely miss Natasha.
Natasha is severely wounded.
Natasha casts a spell at you. The magic dart hits you!
* * * LOW HITPOINT WARNING * * *
The crimson imp puffs mist at you.
The crimson imp blinks!
The shadow imp closely misses you. Natasha casts a spell at you.
The magic dart hits you!
* * * LOW HITPOINT WARNING * * *
You barely miss Natasha.
Natasha is severely wounded.
You hit the shadow imp but do no damage.
The shadow imp gestures at you. Pain shoots through your body!
You die...

############ .....#.....##
............##
.............###
......†...<....## .#.#..#
................##
...............5@!.§.......#
.#.............h...........#
...........................#
...........................#
...........................#
w.........................##
............#####..........#
≈≈≈≈≈.......## #..........#
####≈≈....)..## #..........#


You could see Natasha and a shadow imp.

Vanquished Creatures
  Natasha (D:2)
  3 adders (D:2)
  An ooze (D:1)
  A worm (D:2)
  A dart slug (D:2)
  2 leopard geckos
  A ball python (D:1)
  4 bats
  3 giant cockroaches
  5 goblins
  4 hobgoblins
  5 frilled lizards
  8 kobolds
  4 rats (D:1)
43 creatures vanquished.

Notes
Turn   | Place    | Note
-------+----------+-------------------------------------------
     0 | D:1      | Alarkh the Demonspawn Monk began the quest for the Orb.
     0 | D:1      | Reached XP level 1. HP: 18/18 MP: 1/1
   100 | D:1      | Reached skill level 3 in Axes
   510 | D:1      | Gained mutation: You are slightly more attuned to the shadows. [demonic ancestry]
   510 | D:1      | Reached XP level 2. HP: 24/24 MP: 2/2
  1333 | D:1      | Reached XP level 3. HP: 29/29 MP: 3/3
  1558 | D:2      | Reached skill level 4 in Axes
  1834 | D:2      | Noticed Natasha
  1860 | D:2      | HP: 1/29 [Natasha/magic dart (9)]
  1863 | D:2      | Killed Natasha
  1863 | D:2      | Reached XP level 4. HP: 4/35 MP: 4/4
  2446 | D:2      | Noticed Natasha
  2467 | D:2      | Killed from afar by a shadow imp

Vault maps used:
D:1:      shiori_arrival_whats_in_store_for_you, minmay_unequal
D:2:      amethyst_killhole, kennysheep_decorative_pillar, uniq_natasha

Skill      XL: |  1  2  3 |
---------------+----------+-----
Axes           | 3 4 |  4.8
Fighting       | |  3.0
Dodging        | |  2.6
Stealth        | |  1.7

Action                   |  1- 3 |  4- 6 || total
-------------------------+-------+-------++-------
Melee: Hand axe          |   114 |    36 ||   150
  Use: Potion            |     4 |       ||     4
 Stab: Sleeping          |     7 |     1 ||     8
  Eat: Chunk             |     2 |       ||     2
       Meat ration       |       |     1 ||     1
Armor: Robe              |    15 |    10 ||    25
Dodge: Dodged            |    81 |    39 ||   120
